[Event "Titled Tuesday Blitz May 4 2021"]
[White "Aslanov, Umid"]
[Black "Baker, Chris W"]
[WhiteFideId "13412620"]
[BlackFideId "401676"]
[WhiteElo "1796"]
[BlackElo "2226"]
[Result "1-0"]
[Round "09"]
[TimeControl "180+1"]
[Date "2021.05.04"]
[WhiteClock "0:00:33"]
[BlackClock "0:00:03"]

1. e4 e5 2. Nf3 Nc6 3. Bc4 Bc5 4. O-O Nf6 5. d3 d6 6. c3 a6 7. a4 Ba7 8. h3 O-O 9. Nbd2 Be6 10. Bxe6 fxe6 11. Re1 Qe8 12. Nf1 Qg6 13. Be3 Bxe3 14. fxe3 Nh5 15. N1h2 Ng3 16. Nh4 Qg5 17. Qg4 Qxg4 18. Nxg4 g5 19. Nf3 h5 20. Ngh2 g4 21. hxg4 hxg4 22. Nxg4 Kg7 23. Kf2 Nh5 24. Rh1 Rh8 25. Rh4 Raf8 26. Rah1 Kg6 27. R1h3 Nd8 28. Ke2 Nf7 29. d4 exd4 30. cxd4 Ng5 31. Nxg5 Kxg5 32. Kd3 Rf1 33. Nh2 Rd1+ 34. Kc2 1-0


[Site "https://www.chess.com"]

[Event "Titled Tuesday Blitz May 4 2021"]
[White "Avila Pavas, Santiago"]
[Black "The_filthy"]
[WhiteFideId "4437128"]
[WhiteElo "2244"]
[BlackElo "2423"]
[Result "1-0"]
[Round "09"]
[TimeControl "180+1"]
[Date "2021.05.04"]
[WhiteClock "0:00:05"]
[BlackClock "0:00:05"]

1. d4 d5 2. Bf4 c6 3. e3 Nf6 4. Nf3 Nh5 5. Be5 f6 6. Bxb8 Rxb8 7. Bd3 g6 8. h4 Bg4 9. Nbd2 e5 10. dxe5 fxe5 11. Be2 Bd6 12. Ng5 Bxe2 13. Qxe2 Qe7 14. e4 O-O 15. O-O-O d4 16. g3 b5 17. Rhf1 a5 18. Qd3 c5 19. c4 b4 20. Rde1 a4 21. f4 exf4 22. e5 Bc7 23. Nde4 Nxg3 24. Nf6+ Kh8 25. Nd5 Qd7 26. Rxf4 Rxf4 27. Nxf4 Nf5 28. h5 Qe7 29. Nfe6 Ne3 30. hxg6 Rb6 31. Rh1 Rxe6 32. Rxh7+ Kg8 33. Rxe7 Rxe7 34. Qe2 Rxe5 35. Qh5 Re7 36. Qh6 Rg7 37. Nf7 Rxf7 38. gxf7+ Kxf7 39. Qh7+ Ke6 40. Qxc7 Kf5 41. Qxc5+ Ke4 42. Qxb4 d3 43. Kd2 Kd4 44. Qc3+ 1-0


[Site "https://www.chess.com"]

[Event "Titled Tuesday Blitz May 4 2021"]
[White "Bach, Matthias"]
[Black "Guimaraes, Diogo Duarte"]
[WhiteFideId "4603168"]
[BlackFideId "2112450"]
[WhiteElo "2213"]
[BlackElo "2263"]
[Result "1-0"]
[Round "09"]
[TimeControl "180+1"]
[Date "2021.05.04"]
[WhiteClock "0:00:05"]
[BlackClock "0:00:38"]

1. d4 d5 2. c4 c6 3. Nc3 dxc4 4. e4 e5 5. dxe5 Qxd1+ 6. Nxd1 b5 7. Bd2 Nd7 8. f4 Nc5 9. Nf2 f6 10. Nf3 Bb7 11. O-O-O O-O-O 12. Be2 Ne7 13. Ba5 Re8 14. e6 Nxe6 15. Nh4 h5 16. g3 g5 17. Nf5 Nxf5 18. exf5 Nc7 19. Bf3 Bc5 20. Ne4 Be3+ 21. Kb1 c5 22. Nd6+ Kb8 23. Bxb7 Re7 24. fxg5 Bxg5 25. Bc6 a6 26. Rhe1 Rhh7 27. Nb7 Rxe1 28. Rxe1 h4 29. Nxc5 hxg3 30. hxg3 Ka7 31. Nd7 Na8 32. Re8 Rh1+ 33. Re1 Rxe1+ 34. Bxe1 Be3 35. Nxf6 Kb6 36. Be4 Nc7 37. Nd5+ Nxd5 38. Bxd5 Kc5 39. Be4 Kd4 40. Bc2 Ke5 41. Bc3+ Kd6 42. Bb4+ Ke5 43. a4 bxa4 44. Ka2 Bf2 45. g4 Bb6 46. Bxa4 Kf4 47. Bd1 Kg5 48. Bd2+ Kf6 49. Bc3+ Kg5 50. f6 Kg6 51. Be2 Bd8 52. Bxc4 Kg5 53. f7 Be7 54. Kb3 Kxg4 55. Bb4 1-0


[Site "https://www.chess.com"]

[Event "Titled Tuesday Blitz May 4 2021"]
[White "Bashirli, Saadat"]
[Black "Fanha, Paulo"]
[WhiteFideId "13429990"]
[BlackFideId "1902148"]
[WhiteElo "1153"]
[BlackElo "1851"]
[Result "1-0"]
[Round "09"]
[TimeControl "180+1"]
[Date "2021.05.04"]
[WhiteClock "0:00:08"]
[BlackClock "0:00:02"]

1. d4 d5 2. Bg5 c6 3. Nf3 Qb6 4. Qc1 Bf5 5. c3 h6 6. Bf4 Nf6 7. e3 Nbd7 8. Be2 Nh5 9. Bg3 e6 10. Nbd2 Nxg3 11. hxg3 Bd6 12. a4 O-O-O 13. a5 Qc7 14. b4 e5 15. b5 e4 16. Nh4 Be6 17. bxc6 Qxc6 18. Qb2 g5 19. Bb5 Qc7 20. Nhf3 exf3 21. gxf3 Kb8 22. c4 dxc4 23. Ne4 c3 24. Nxc3 Bxg3 25. fxg3 Qxg3+ 26. Kd2 Qg2+ 27. Ne2 Ne5 28. Ba6 Nxf3+ 29. Kd3 Bf5+ 30. Kc3 Rc8+ 31. Bc4 Rxc4+ 32. Kxc4 Rc8+ 33. Kb3 Be6+ 34. Ka3 Nxd4 35. Nxd4 1-0


[Site "https://www.chess.com"]

[Event "Titled Tuesday Blitz May 4 2021"]
[White "Belanoff, Ted"]
[Black "Necula, Iulian"]
[WhiteFideId "2070588"]
[BlackFideId "1232380"]
[WhiteElo "2173"]
[BlackElo "1776"]
[Result "1-0"]
[Round "09"]
[TimeControl "180+1"]
[Date "2021.05.04"]
[WhiteClock "0:00:13"]
[BlackClock "0:00:03"]

1. d4 d6 2. c4 f5 3. Nc3 Nf6 4. Nf3 g6 5. h4 Nc6 6. Bg5 h6 7. Bf4 Bg7 8. e3 Nh5 9. Bh2 e6 10. Qc2 O-O 11. Rg1 Qe8 12. Be2 Nb4 13. Qb1 a5 14. a3 Nc6 15. g4 Nf6 16. gxf5 exf5 17. Qc2 Ne4 18. O-O-O Nxc3 19. Qxc3 Ne7 20. c5 dxc5 21. Qxc5 Be6 22. Bc4 Bxc4 23. Qxc4+ Kh8 24. h5 g5 25. Be5 Qxh5 26. Bxg7+ Kxg7 27. Ne5 c6 28. f4 g4 29. Rh1 Qe8 30. Rdg1 Rf6 31. Rh4 Nd5 32. Qd3 Qe7 33. Nxg4 Rg6 34. Qxf5 Qxh4 35. Qe5+ Kg8 36. Nf6+ Qxf6 37. Qxf6 Nxf6 38. Rxg6+ Kf7 39. Rxh6 Re8 40. Rh3 Ng4 41. Kd2 Nf2 42. Rh7+ Kf6 43. Rxb7 Ne4+ 44. Kd3 Nd6 45. Ra7 Rb8 46. e4 Rxb2 47. e5+ Ke6 48. exd6 Kxd6 49. Rxa5 Rf2 50. Ke3 Rf1 51. Rh5 Re1+ 52. Kd2 Rf1 53. Ke3 Re1+ 54. Kf3 Rf1+ 55. Ke4 Re1+ 56. Kf5 Ke7 57. Rh6 Rc1 58. a4 Rc4 59. Ke5 Rxa4 60. Rxc6 Ra5+ 61. d5 Ra1 62. Rc7+ Kd8 63. Rh7 Re1+ 64. Kd6 Ke8 65. f5 Re2 66. f6 Rf2 67. Re7+ Kd8 68. Rf7 Ke8 69. Re7+ Kf8 70. f7 Rc2 71. Ra7 Re2 72. Rb7 Rc2 73. Kd7 Rd2 74. d6 Kxf7 75. Rb3 Rd4 76. Rf3+ Kg7 77. Rf1 Rd2 78. Ke7 Re2+ 79. Kd8 Rd2 80. d7 Re2 81. Rf3 Rd2 82. Rf5 Re2 83. Kc8 Kg6 84. Rd5 Rc2+ 85. Kb7 Re2 86. d8=Q 1-0


[Site "https://www.chess.com"]

[Event "Titled Tuesday Blitz May 4 2021"]
[White "Bellahcene, Bilel"]
[Black "Dobrov, Vladimir"]
[WhiteFideId "696358"]
[BlackFideId "4136594"]
[WhiteElo "2493"]
[BlackElo "2614"]
[Result "1-0"]
[Round "09"]
[TimeControl "180+1"]
[Date "2021.05.04"]
[WhiteClock "0:00:03"]
[BlackClock "0:00:02"]

1. e4 c5 2. Nf3 Nc6 3. b4 e6 4. bxc5 Bxc5 5. d4 Bb6 6. c3 d6 7. Bd3 e5 8. d5 Nce7 9. a4 h6 10. a5 Bc5 11. Nbd2 a6 12. Nc4 f5 13. exf5 Nf6 14. Nh4 O-O 15. O-O Nfxd5 16. Ne3 Nf4 17. Bc2 d5 18. g3 Nh3+ 19. Kg2 g5 20. Kxh3 gxh4 21. Qh5 Bxe3 22. Bxe3 Bxf5+ 23. Bxf5 Rxf5 24. Qxh6 Qd7 25. Kg2 d4 26. cxd4 exd4 27. Rad1 d3 28. Qxh4 Rd8 29. Qg4+ Kf7 30. Kg1 Qc6 31. Bb6 Qe6 32. Bxd8 Nd5 33. Bb6 Nc3 34. Rxd3 Ne2+ 35. Kh1 Nxg3+ 36. Rxg3 Qc6+ 37. f3 Rg5 38. Qxg5 1-0


[Site "https://www.chess.com"]

[Event "Titled Tuesday Blitz May 4 2021"]
[White "Berezin, Viktor"]
[Black "Komiagina, Maria"]
[WhiteFideId "14107872"]
[BlackFideId "4153987"]
[WhiteElo "2310"]
[BlackElo "2014"]
[Result "1-0"]
[Round "09"]
[TimeControl "180+1"]
[Date "2021.05.04"]
[WhiteClock "0:00:35"]
[BlackClock "0:00:05"]

1. c4 Nf6 2. Nf3 c5 3. g3 Nc6 4. Bg2 g6 5. O-O Bg7 6. Nc3 O-O 7. d3 d6 8. e4 Nd7 9. Ne1 Nd4 10. Nc2 a6 11. Ne3 Rb8 12. a4 b5 13. axb5 axb5 14. f4 b4 15. Ne2 b3 16. Nc3 e6 17. h3 f5 18. Kh2 Bb7 19. g4 fxg4 20. Qxg4 Qe7 21. Bd2 Nf6 22. Qh4 e5 23. f5 h5 24. Kh1 Bh6 25. fxg6 Kg7 26. Rf2 Bf4 27. Rg1 Rbe8 28. Nf5+ Nxf5 29. exf5 Bxg2+ 30. Rfxg2 Bxd2 31. Rxd2 Qb7+ 32. Rdg2 Qf3 33. Kh2 Ng4+ 34. hxg4 Rh8 35. f6+ Kxg6 36. gxh5+ Kf7 37. Rg7+ Ke6 38. Qg4+ Qxg4 39. R7xg4 Rxh5+ 40. Kg3 Kxf6 41. Nd5+ 1-0


[Site "https://www.chess.com"]

[Event "Titled Tuesday Blitz May 4 2021"]
[White "Bologan, Victor"]
[Black "Madaminov, Mukhiddin"]
[WhiteFideId "13900048"]
[BlackFideId "14210703"]
[WhiteElo "2511"]
[BlackElo "1747"]
[Result "1-0"]
[Round "09"]
[TimeControl "180+1"]
[Date "2021.05.04"]
[WhiteClock "0:01:15"]
[BlackClock "0:00:04"]

1. e4 e6 2. d3 d5 3. Qe2 Nf6 4. Nf3 Nc6 5. g3 dxe4 6. dxe4 e5 7. Bg2 Bc5 8. O-O O-O 9. c3 a5 10. h3 b6 11. Rd1 Qe7 12. Na3 Ba6 13. Qe1 Bxa3 14. bxa3 a4 15. Nh4 Rfd8 16. Bg5 h6 17. Nf5 Qe6 18. Bh4 Na5 19. Qe3 Nc4 20. Nxh6+ Kh7 21. Qg5 gxh6 22. Qxf6 Qxf6 23. Bxf6 Rd6 24. Rxd6 cxd6 25. Rd1 Rc8 26. h4 Rc6 27. h5 Nxa3 28. Bh3 Be2 29. Bf5+ Kg8 30. Rd5 Bc4 31. Rd2 Nb1 32. Rb2 Nxc3 33. Bd7 Rc7 34. Rxb6 Rc8 35. Bxc8 Nxe4 36. Be7 d5 37. Bf5 Kg7 38. Bxe4 dxe4 39. Bf6+ 1-0


[Site "https://www.chess.com"]

[Event "Titled Tuesday Blitz May 4 2021"]
[White "Bommini, Mounika Akshaya"]
[Black "Markidis, Konstantinos"]
[WhiteFideId "25019872"]
[BlackFideId "4203500"]
[WhiteElo "1610"]
[BlackElo "2304"]
[Result "1/2-1/2"]
[Round "09"]
[TimeControl "180+1"]
[Date "2021.05.04"]
[WhiteClock "0:00:09"]
[BlackClock "0:00:19"]

1. f4 Nf6 2. e3 g6 3. Nf3 Bg7 4. d4 O-O 5. c3 d6 6. Bd3 c5 7. Nbd2 Nc6 8. O-O e5 9. fxe5 dxe5 10. Nxe5 Nxe5 11. dxe5 Ng4 12. Nf3 Nxe5 13. Nxe5 Bxe5 14. e4 Qc7 15. h3 c4 16. Bc2 Be6 17. Be3 Rad8 18. Qf3 Rd6 19. Rad1 Rfd8 20. Rxd6 Rxd6 21. Rd1 b6 22. Rxd6 Qxd6 23. Qd1 Qxd1+ 24. Bxd1 Kg7 25. Bd4 f6 26. Kf2 Kf7 27. Ke3 Ke7 28. a4 Kd6 29. Be2 Bd7 30. a5 Bxd4+ 31. Kxd4 b5 32. Bf3 Bc6 33. Be2 f5 34. exf5 gxf5 35. g3 h6 36. Bd1 Be4 37. b3 cxb3 38. Bxb3 Bg2 39. h4 Bf3 40. Bg8 Be2 41. Bh7 Bg4 42. Bg6 a6 43. Bh7 Bh3 44. Bg6 Bg4 45. Bf7 Bf3 46. Bg6 Bg4 1/2-1/2


[Site "https://www.chess.com"]

[Event "Titled Tuesday Blitz May 4 2021"]
[White "Bon, Michael"]
[Black "Foerster-Yialamas, Lucas"]
[WhiteFideId "620696"]
[BlackFideId "30901774"]
[WhiteElo "2431"]
[BlackElo "1744"]
[Result "1-0"]
[Round "09"]
[TimeControl "180+1"]
[Date "2021.05.04"]
[WhiteClock "0:00:14"]
[BlackClock "0:00:02"]

1. e4 c5 2. Nf3 d6 3. d4 cxd4 4. Nxd4 Nf6 5. Nc3 a6 6. Bg5 e6 7. f4 h6 8. Bh4 Qb6 9. a3 Be7 10. Bf2 Qc7 11. Be2 b5 12. Bf3 Bb7 13. Qe2 Nbd7 14. g4 g5 15. f5 e5 16. Nb3 Nc5 17. O-O-O O-O-O 18. Kb1 Kb8 19. Rc1 Rhe8 20. Rhd1 Na4 21. Rd3 Nxc3+ 22. Rxc3 Qd7 23. Qe3 Ba8 24. Na5 Qc7 25. Rxc7 Kxc7 26. Qa7+ Kc8 27. Qxa8+ Kc7 28. Qb7# 1-0


[Site "https://www.chess.com"]

[Event "Titled Tuesday Blitz May 4 2021"]
[White "Borawski, Jakub"]
[Black "Golsta, Madara"]
[WhiteFideId "1143000"]
[BlackFideId "11607386"]
[WhiteElo "2020"]
[BlackElo "1880"]
[Result "0-1"]
[Round "09"]
[TimeControl "180+1"]
[Date "2021.05.04"]
[WhiteClock "0:01:28"]
[BlackClock "0:00:46"]

1. e4 c5 2. Nf3 d6 3. d4 cxd4 4. Nxd4 Nf6 5. Nc3 g6 6. g3 Nc6 7. Nde2 Bg7 8. Bg2 h5 9. h4 O-O 10. O-O Bg4 11. a4 Qc8 12. Nd5 Bh3 13. f3 Bxg2 14. Kxg2 Nxd5 15. exd5 Nb4 16. c3 Na6 17. Bg5 Re8 18. Re1 Nc5 19. Nd4 Qc7 20. Nb5 Qd7 21. Qc2 Be5 22. Re2 a6 23. Nd4 Rac8 24. Rd1 Qxa4 25. Qb1 Qc4 26. Kh3 Bxd4 27. Rxd4 Qxe2 0-1


[Site "https://www.chess.com"]

[Event "Titled Tuesday Blitz May 4 2021"]
[White "Bortnyk, Olexandr"]
[Black "Leitao, Rafael"]
[WhiteFideId "14120828"]
[BlackFideId "2101246"]
[WhiteElo "2723"]
[BlackElo "2609"]
[Result "1-0"]
[Round "09"]
[TimeControl "180+1"]
[Date "2021.05.04"]
[WhiteClock "0:00:09"]
[BlackClock "0:00:25"]

1. e4 e5 2. Nf3 Nc6 3. d4 exd4 4. Bc4 Nf6 5. O-O Nxe4 6. Re1 d5 7. Bxd5 Qxd5 8. Nc3 Qd8 9. Nxe4 Be7 10. Bg5 O-O 11. Bxe7 Nxe7 12. Nxd4 Nf5 13. Nf3 b6 14. g4 Nh4 15. Nxh4 Qxh4 16. f3 Be6 17. Qd2 f5 18. Qg5 Qxg5 19. Nxg5 Bd5 20. Re5 Rad8 21. gxf5 Rd6 22. Rf1 h6 23. Ne4 Rdd8 24. Rf2 Rfe8 25. Rxe8+ Rxe8 26. Re2 Kf7 27. Kf2 Re5 28. Ng3 Rxe2+ 29. Kxe2 Kf6 30. Ke3 Kg5 31. b3 Kh4 32. Kf4 Kh3 33. Nh5 Kxh2 34. Nxg7 Kg2 35. f6 Bf7 36. Kg4 Bg6 37. f4 Kf2 38. f5 Bf7 39. Ne6 Ke3 40. Nd8 h5+ 41. Kh4 Kf4 42. Nxf7 Kxf5 43. Nd8 Kxf6 44. Nc6 Ke6 45. Nxa7 Kd5 46. c4+ Kd4 47. Nb5+ Kd3 48. Nxc7 Kc2 49. Nd5 Kb2 50. Nxb6 1-0


[Site "https://www.chess.com"]

[Event "Titled Tuesday Blitz May 4 2021"]
[White "Brunner, Nicolas"]
[Black "Schut, Lisa"]
[WhiteFideId "620246"]
[BlackFideId "1019481"]
[WhiteElo "2372"]
[BlackElo "2234"]
[Result "1-0"]
[Round "09"]
[TimeControl "180+1"]
[Date "2021.05.04"]
[WhiteClock "0:01:04"]
[BlackClock "0:00:15"]

1. d4 Nf6 2. c4 g6 3. Nc3 d5 4. Bg5 Ne4 5. Bh4 Nxc3 6. bxc3 Bg7 7. e3 c5 8. cxd5 cxd4 9. cxd4 Qxd5 10. Nf3 Nc6 11. Be2 Qa5+ 12. Qd2 Qxd2+ 13. Kxd2 O-O 14. Rab1 a6 15. Rhc1 Rd8 16. Ke1 Kf8 17. Rb6 Ra7 18. Ng5 h6 19. Ne4 Be6 20. Nc5 Bd5 21. Nxb7 Rc8 22. Na5 Rac7 23. Nxc6 Rxc6 24. Rcxc6 Rxc6 25. Rb8+ Rc8 26. Rxc8# 1-0


[Site "https://www.chess.com"]

[Event "Titled Tuesday Blitz May 4 2021"]
[White "Bures, Vit"]
[Black "Kriti Mayur Patel"]
[WhiteFideId "309052"]
[BlackFideId "35061780"]
[WhiteElo "2131"]
[BlackElo "1212"]
[Result "1-0"]
[Round "09"]
[TimeControl "180+1"]
[Date "2021.05.04"]
[WhiteClock "0:00:07"]
[BlackClock "0:01:14"]

1. d4 d5 2. c4 e6 3. Nc3 Nf6 4. cxd5 exd5 5. Bg5 Be7 6. e3 O-O 7. Bd3 c6 8. Qc2 h6 9. Bf4 Re8 10. Nf3 Nbd7 11. O-O Nf8 12. h3 Be6 13. Ne5 Bd6 14. Rae1 a6 15. Bh2 Rc8 16. f4 c5 17. Qf2 c4 18. Bb1 b5 19. Kh1 b4 20. Ne2 c3 21. bxc3 bxc3 22. Bc2 Ne4 23. Bxe4 dxe4 24. Rc1 Bb4 25. Ng3 Qa5 26. Nxe4 Bxa2 27. f5 Bd5 28. Qf4 c2 29. f6 Ne6 30. Qh4 Bd2 31. fxg7 Kxg7 32. Qf6+ Kh7 33. Qxf7+ Ng7 34. Nf6+ Kh8 35. Ng6# 1-0


[Site "https://www.chess.com"]

[Event "Titled Tuesday Blitz May 4 2021"]
[White "Callejas Rojas, Francisco Miguel"]
[Black "Nastore, Pavel-Alexandru"]
[WhiteFideId "32072503"]
[BlackFideId "1255002"]
[WhiteElo "2293"]
[BlackElo "1809"]
[Result "1-0"]
[Round "09"]
[TimeControl "180+1"]
[Date "2021.05.04"]
[WhiteClock "0:00:43"]
[BlackClock "0:00:34"]

1. d4 Nf6 2. c4 c6 3. Nf3 d5 4. Nc3 e6 5. e3 Bd6 6. Bd3 dxc4 7. Bxc4 b5 8. Bd3 Bb7 9. e4 b4 10. Na4 Qa5 11. O-O Be7 12. Bd2 O-O 13. Re1 Rd8 14. Qc2 Na6 15. e5 Nd5 16. Bxh7+ Kh8 17. Bd3 c5 18. Bg5 Rac8 19. Bxe7 Nxe7 20. Ng5 Kg8 21. Bxa6 Qxa6 22. Qh7+ Kf8 23. Nxc5 Rxc5 24. dxc5 Nf5 25. Rad1 Qc6 26. Qh8+ 1-0


[Site "https://www.chess.com"]

[Event "Titled Tuesday Blitz May 4 2021"]
[White "Campelo, Leandro Fabricio"]
[Black "Kujawski, Adam"]
[WhiteFideId "2103346"]
[BlackFideId "1100920"]
[WhiteElo "2105"]
[BlackElo "2053"]
[Result "0-1"]
[Round "09"]
[TimeControl "180+1"]
[Date "2021.05.04"]
[WhiteClock "0:00:02"]
[BlackClock "0:00:10"]

1. e4 e6 2. d4 d5 3. Nc3 Nf6 4. Bg5 Bb4 5. e5 h6 6. Bc1 Ne4 7. Qg4 g6 8. Ne2 c5 9. a3 Nxc3 10. bxc3 Ba5 11. Bd2 Nc6 12. h4 cxd4 13. cxd4 Bxd2+ 14. Kxd2 Qa5+ 15. c3 Bd7 16. h5 g5 17. f4 f5 18. exf6 O-O-O 19. fxg5 e5 20. Qf3 hxg5 21. Qf2 Qb6 22. Rc1 Na5 23. Ng3 Nb3+ 24. Kc2 exd4 25. cxd4 Nxc1 26. Kxc1 Kb8 27. Qb2 Rc8+ 28. Kb1 Qd6 29. Ne2 Bf5+ 30. Ka1 Rc2 31. Qb4 Qxf6 32. Nc3 Rc8 33. Nxd5 Rc1+ 34. Ka2 Qe6 0-1


[Site "https://www.chess.com"]

[Event "Titled Tuesday Blitz May 4 2021"]
[White "Can, Emre"]
[Black "Dovbnia, Nikita"]
[WhiteFideId "6302181"]
[BlackFideId "54104599"]
[WhiteElo "2503"]
[BlackElo "2056"]
[Result "1-0"]
[Round "09"]
[TimeControl "180+1"]
[Date "2021.05.04"]
[WhiteClock "0:01:32"]
[BlackClock "0:01:09"]

1. e4 c5 2. Nf3 d6 3. d4 cxd4 4. Nxd4 Nf6 5. Nc3 a6 6. Bg5 e6 7. f4 h6 8. Bh4 Qb6 9. a3 Be7 10. Bf2 Qc7 11. Bd3 b5 12. Qe2 Nbd7 13. O-O-O Bb7 14. Rhe1 Rc8 15. Kb1 O-O 16. g4 Nb6 17. g5 hxg5 18. fxg5 Nfd7 19. g6 Nc5 20. Qg4 Qd7 21. Rg1 f5 22. Qh5 1-0


[Site "https://www.chess.com"]

[Event "Titled Tuesday Blitz May 4 2021"]
[White "Cella, Glaucio Dalla Cortt"]
[Black "de Leon, Patricia"]
[WhiteFideId "2119455"]
[BlackFideId "3000273"]
[WhiteElo "2011"]
[BlackElo "1989"]
[Result "1-0"]
[Round "09"]
[TimeControl "180+1"]
[Date "2021.05.04"]
[WhiteClock "0:00:10"]
[BlackClock "0:00:02"]

1. e4 e6 2. d4 d5 3. Nd2 Nf6 4. e5 Nfd7 5. Bd3 c5 6. c3 Nc6 7. Ne2 cxd4 8. cxd4 f6 9. exf6 Nxf6 10. O-O Bd6 11. Nf3 Qc7 12. a3 O-O 13. Ng3 e5 14. dxe5 Nxe5 15. Nxe5 Bxe5 16. Re1 Ng4 17. Re2 Bd7 18. Bd2 Rae8 19. Bc3 Bxc3 20. Rxe8 Rxe8 21. bxc3 Qxc3 22. Be2 Nf6 23. a4 Bc6 24. Rc1 Qb4 25. Bd3 d4 26. Nh5 Qd6 27. Nxf6+ Qxf6 28. Qg4 Rf8 29. Bc4+ Kh8 30. f3 Qf4 31. Qxf4 Rxf4 32. a5 Rf6 33. Kf2 h6 34. Rd1 Rd6 35. Ke2 a6 36. Kd3 g5 37. Re1 Kg7 38. Re7+ Kf6 39. Rh7 Kg6 40. Re7 Bb5 41. Bxb5 axb5 42. Re4 Ra6 43. Rxd4 Rxa5 44. Rd7 b6 45. g4 Ra3+ 46. Ke4 b4 47. Rd6+ Kg7 48. Rxb6 Rb3 49. Kf5 Rb1 50. Rb7+ Kf8 51. Kf6 Ke8 52. Ke6 Kf8 53. Kf6 Ke8 54. Kg6 b3 55. Kxh6 b2 56. Kxg5 Kf8 57. f4 Rh1 58. Rxb2 Rg1 59. f5 Kg8 60. h4 1-0


[Site "https://www.chess.com"]

[Event "Titled Tuesday Blitz May 4 2021"]
[White "Chabris, Christopher"]
[Black "Ashiev, Eduard"]
[WhiteFideId "2005263"]
[BlackFideId "4130090"]
[WhiteElo "2255"]
[BlackElo "2106"]
[Result "0-1"]
[Round "09"]
[TimeControl "180+1"]
[Date "2021.05.04"]
[WhiteClock "0:00:02"]
[BlackClock "0:00:44"]

1. e4 e5 2. Nf3 Nc6 3. Bb5 Nge7 4. c3 g6 5. d4 exd4 6. cxd4 d5 7. e5 Bg7 8. O-O O-O 9. Nc3 Bg4 10. Be3 f6 11. exf6 Bxf6 12. Be2 Bg7 13. h3 Bf5 14. Na4 Kh8 15. a3 a5 16. Nc5 b6 17. Nd3 Be4 18. Nf4 Qd6 19. g3 Nf5 20. Ng5 Nfxd4 21. Nxe4 dxe4 22. Bc4 Rad8 23. Qg4 Ne5 24. Bxd4 Nxg4 25. Bxg7+ Kxg7 26. hxg4 Rxf4 27. gxf4 Qxf4 28. Be2 Rd2 29. Rfe1 e3 30. fxe3 Qxe3+ 31. Kf1 Rd4 32. Kg2 Rf4 0-1


[Site "https://www.chess.com"]

[Event "Titled Tuesday Blitz May 4 2021"]
[White "Chernomordik, Pavel"]
[Black "Gabdushev, Ruslan"]
[WhiteFideId "2804530"]
[BlackFideId "4137833"]
[WhiteElo "2299"]
[BlackElo "2312"]
[Result "1-0"]
[Round "09"]
[TimeControl "180+1"]
[Date "2021.05.04"]
[WhiteClock "0:00:05"]
[BlackClock "0:00:03"]

1. e4 Nc6 2. Nf3 d6 3. d4 Bg4 4. c3 Nf6 5. Nbd2 e5 6. d5 Ne7 7. h3 Bd7 8. c4 Ng6 9. g3 Be7 10. Bd3 O-O 11. Qe2 c6 12. Nf1 a6 13. Ne3 b5 14. b3 bxc4 15. bxc4 Qa5+ 16. Kf1 cxd5 17. cxd5 Nxe4 18. Bxe4 f5 19. Nc4 Qc7 20. Bc2 Bb5 21. Bb3 Rac8 22. Nfd2 Bg5 23. a4 Bxd2 24. axb5 axb5 25. Nxd2 Qc3 26. Rb1 f4 27. Ne4 Qd4 28. Bb2 Qb4 29. Bc3 Rxc3 30. Nxc3 Qxc3 31. g4 f3 32. Qc2 Qb4 33. h4 Qxg4 34. Rg1 Qh3+ 35. Ke1 Nf4 36. Qe4 Ne2 37. Rg5 Qh1+ 38. Kd2 Qh2 39. Qg4 g6 40. Rxg6+ hxg6 41. Qxg6+ Kh8 42. Qh6+ Kg8 43. Qg5+ Kh8 44. Qe7 Qf4+ 45. Ke1 1-0


[Site "https://www.chess.com"]

[Event "Titled Tuesday Blitz May 4 2021"]
[White "Chitlange Sakshi"]
[Black "Skatchkov, Pavel"]
[WhiteFideId "35002899"]
[BlackFideId "4121848"]
[WhiteElo "1787"]
[BlackElo "2476"]
[Result "0-1"]
[Round "09"]
[TimeControl "180+1"]
[Date "2021.05.04"]
[WhiteClock "0:00:17"]
[BlackClock "0:01:54"]

1. d4 Nf6 2. c4 e6 3. g3 d5 4. Bg2 dxc4 5. Nf3 a6 6. O-O Nc6 7. Qc2 Nxd4 8. Nxd4 Qxd4 9. Be3 Qe5 10. Nd2 Be7 11. Nxc4 Qh5 12. Bf4 Nd5 13. Bf3 Qh3 14. Bg2 Qh5 15. Bf3 Qg6 16. Be4 f5 17. Ne5 Qf6 18. Bxd5 exd5 19. Qxc7 Bd6 20. Nd7 Bxd7 21. Bxd6 Rc8 22. Qb6 Rc6 23. Qxb7 Qxd6 24. Qa8+ Rc8 25. Qb7 O-O 26. Qb3 Bc6 27. Rad1 Kh8 28. Rd4 Qe5 29. Rfd1 f4 30. gxf4 Rxf4 31. Rxf4 Qxf4 32. e3 Qg4+ 33. Kf1 Bb5+ 34. Ke1 0-1


[Site "https://www.chess.com"]

[Event "Titled Tuesday Blitz May 4 2021"]
[White "Chyzy, Jakub"]
[Black "Vega Gutierrez, Sabrina"]
[WhiteFideId "21806209"]
[BlackFideId "2219026"]
[WhiteElo "2013"]
[BlackElo "2281"]
[Result "0-1"]
[Round "09"]
[TimeControl "180+1"]
[Date "2021.05.04"]
[WhiteClock "0:00:01"]
[BlackClock "0:00:19"]

1. b3 e5 2. Bb2 d6 3. e3 f5 4. d4 e4 5. d5 Nf6 6. c4 Be7 7. Ne2 O-O 8. Nd4 c6 9. Nc3 cxd5 10. cxd5 Na6 11. Bxa6 bxa6 12. Nc6 Qe8 13. O-O Ng4 14. h3 Nh6 15. Nxe7+ Qxe7 16. Ne2 Bd7 17. Qd4 Rf6 18. Nf4 Nf7 19. Qb4 Rh6 20. Rac1 g5 21. Ne6 Bxe6 22. dxe6 Qxe6 23. Qb7 Rf8 24. Rc7 g4 25. Re7 Qg6 26. Qd5 gxh3 27. g3 h2+ 28. Kh1 Qg4 29. f3 Qxg3 30. Qd4 Rg6 31. Qh8+ Nxh8 32. Rg7+ Rxg7 33. Bxg7 exf3 34. Bxf8 Qg2# 0-1


[Site "https://www.chess.com"]

[Event "Titled Tuesday Blitz May 4 2021"]
[White "Coelho, Ramyres Santana"]
[Black "Roque Sola, Gisela"]
[WhiteFideId "2120690"]
[BlackFideId "5120241"]
[WhiteElo "1888"]
[BlackElo "1863"]
[Result "1-0"]
[Round "09"]
[TimeControl "180+1"]
[Date "2021.05.04"]
[WhiteClock "0:02:25"]
[BlackClock "0:01:48"]

1. e4 e6 2. d4 d5 3. Nc3 Nf6 4. e5 Nfd7 5. f4 c5 6. Nf3 Nc6 7. Be3 a6 8. Be2 Be7 9. O-O b5 10. a3 Qb6 11. dxc5 Bxc5 12. Bxc5 Nxc5 13. Kh1 Bd7 14. f5 Ne4 15. Nxe4 dxe4 16. fxe6 Bxe6 17. Ng5 Nxe5 18. Nxe6 Qxe6 19. Qd4 Nc6 20. Qxg7 O-O-O 21. Bg4 1-0


[Site "https://www.chess.com"]

[Event "Titled Tuesday Blitz May 4 2021"]
[White "Crevatin, Leo"]
[Black "Bolanos, Fernando"]
[WhiteFideId "1726307"]
[BlackFideId "3304094"]
[WhiteElo "2081"]
[BlackElo "1998"]
[Result "1-0"]
[Round "09"]
[TimeControl "180+1"]
[Date "2021.05.04"]
[WhiteClock "0:01:02"]
[BlackClock "0:00:18"]

1. d4 Nf6 2. c4 g6 3. f3 c5 4. d5 e5 5. e4 d6 6. Nc3 Bg7 7. Bg5 h6 8. Be3 a6 9. a4 a5 10. Qd2 Na6 11. g4 Nb4 12. Be2 Bd7 13. h4 h5 14. g5 Ng8 15. Nh3 Qc8 16. Nf2 Ne7 17. f4 Qc7 18. Rc1 O-O-O 19. O-O f6 20. fxe5 fxe5 21. Nb5 Bxb5 22. cxb5 Rdf8 23. Nd3 Kb8 24. Nxc5 dxc5 25. d6 Qc8 26. dxe7 Rxf1+ 27. Rxf1 Qh3 28. Qd8+ Ka7 29. Bxc5+ b6 30. Bxb6+ Kb7 31. Qc7+ Ka8 32. Qa7# 1-0


[Site "https://www.chess.com"]

[Event "Titled Tuesday Blitz May 4 2021"]
[White "Csonka, Balazs"]
[Black "Spata, German"]
[WhiteFideId "742910"]
[BlackFideId "113026"]
[WhiteElo "2404"]
[BlackElo "2238"]
[Result "1-0"]
[Round "09"]
[TimeControl "180+1"]
[Date "2021.05.04"]
[WhiteClock "0:01:48"]
[BlackClock "0:01:58"]

1. e4 d5 2. exd5 Qxd5 3. Nc3 Qd6 4. d4 Nf6 5. Nf3 c6 6. Ne5 Nbd7 7. Nc4 Qc7 8. Qf3 Nb6 9. Bf4 Qd8 10. Be5 g6 11. Nd6+ exd6 12. Bxf6 1-0


[Site "https://www.chess.com"]